 Dungeon Crawl Stone Soup version 0.23.2-1-ga50397a6bc (webtiles) character file.

Game seed: 13301306452802372310

21470 Kobolds4U the Carver (level 12, -6/107 HPs)
             Began as a Demonspawn Berserker on Apr 26, 2019.
             Was a High Priest of Trog.
             Splashed by a brown ugly thing's acid (8 damage)
             ... on level 12 of the Dungeon.
             The game lasted 00:41:41 (15183 turns).

Kobolds4U the Carver (Demonspawn Berserker)        Turns: 15183, Time: 00:41:41

Health: -6/107     AC:  1    Str: 19    XL:     12   Next: 54%
Magic:  0/12       EV: 10    Int:  9    God:    Trog [*****.]
Gold:   769        SH:  0    Dex: 18    Spells: 11/11 levels left

rFire    . . .     SeeInvis .   A - +3 triple sword (vamp)
rCold    + . .     Gourm    .   (shield currently unavailable)
rNeg     + . .     Faith    .   I - +0 plate armour
rPois    .         Spirit   +   (no helmet)
rElec    .         Reflect  .   w - +0 cloak
rCorr    .         Harm     .   b - +0 pair of gloves
MR       +....                  B - +1 pair of boots
Stlth    ..........             M - amulet of guardian spirit
HPRegen  0.27/turn              j - +2 ring of dexterity
MPRegen  0.13/turn              O - ring of Midnight {rN+ MR+ Stlth-}

@: about to teleport, corroded
A: hooves 2, icy blue scales 2, cold resistance 1, powered by death 2, robust 1,
evolution 1, freezing cloud immunity
a: Berserk, Trog's Hand, Brothers in Arms, Renounce Religion


You were on level 12 of the Dungeon.
You worshipped Trog.
Trog was extremely pleased with you.
You were not hungry.

You visited 1 branch of the dungeon, and saw 12 of its levels.

You collected 769 gold pieces.

Inventory:

Hand Weapons
 a - a +0 falchion
 v - the +0 short sword of Parts Unknown {speed, +Blink +Rage rF- Dex+6}
   (You found it on level 4 of the Dungeon)

   Attacks with this weapon are significantly faster.
   It affects your dexterity (+6).
   It makes you vulnerable to fire.
   It lets you blink.
   It lets you go berserk.
 A - a +3 vampiric triple sword (weapon)
 R - a +2 fustibalus of flaming
Missiles
 F - 16 tomahawks (quivered)
Armour
 b - a +0 pair of gloves (worn)
 w - a +0 cloak (worn)
 z - a +2 ring mail of cold resistance
 B - a +1 pair of boots (worn)
 I - a +0 plate armour (worn)
Jewellery
 j - a +2 ring of dexterity (left hand)
 n - an uncursed ring of protection from magic
 u - an uncursed ring of magical power
 D - an uncursed ring of resist corrosion
 K - an uncursed ring of positive energy
 M - an amulet of guardian spirit (around neck)
 O - the ring of Midnight (right hand) {rN+ MR+ Stlth-}
   (You found it on level 11 of the Dungeon)

   [ring of attention]

   It protects you from negative energy.
   It affects your resistance to hostile enchantments.
   It makes you less stealthy.
Wands
 t - a wand of random effects (7)
 y - a wand of iceblast (12)
 C - a wand of disintegration (20)
 E - a wand of polymorph (10)
 J - a wand of paralysis (19)
 L - a wand of flame (16)
Scrolls
 d - 2 scrolls of remove curse
 e - 2 scrolls of enchant armour
 f - 2 scrolls of fog
 g - a scroll of identify
 h - 6 scrolls of magic mapping
 i - 3 scrolls of enchant weapon
 m - 4 scrolls of teleportation
 r - 5 scrolls of fear
 x - 2 scrolls of amnesia
 Q - a scroll of brand weapon
Potions
 k - 5 potions of flight
 l - 6 potions of mutation
 o - a potion of heal wounds
 p - 2 potions of curing
 q - 2 potions of haste
 s - a potion of brilliance
 G - a potion of resistance
 H - 4 potions of lignification
 P - a potion of invisibility
Comestibles
 c - 17 rations


   Skills:
 + Level 10.3 Fighting
 * Level 13.6 Long Blades
 - Level 8.4 Armour
 + Level 6.6 Dodging


You had 11 spell levels left.
You didn't know any spells.
Your spell library was empty.

Dungeon Overview and Level Annotations

Branches:
Dungeon (12/15)            Temple (0/1) D:6            Lair (0/6) D:11
    Orc (0/2) D:12

Altars:
Ashenzari
Cheibriados
Okawaru
Qazlal
Ru
Sif Muna
Uskayaw
Vehumet
The Shining One

Shops:
D:6 =

Annotations:
D:4 2 runed translucent doors, BorisKarlOrff's ghost, amateur HaAs


Innate Abilities, Weirdness & Mutations

You have hoof-like feet.
You are mostly covered in icy blue scales. (AC +3)
Your flesh is cold resistant. (rC+)
You regenerate health from kills.
You are immune to freezing clouds.
You are robust. (+10% HP)
You evolve.


Message History

You are splashed with acid.
Unknown command.
You hit the brown ugly thing.
You feel better.
The brown ugly thing is severely wounded.
The brown ugly thing barely misses you. The brown ugly thing gores you!
The acid corrodes you!
You are splashed with acid!
* * * LOW HITPOINT WARNING * * *
Unknown command.
You see here a rapier.
Things that are here:
a cursed +3 falchion of freezing; a +0 robe The brown ugly thing gores you!
* * * LOW HITPOINT WARNING * * *
You are splashed with acid!
* * * LOW HITPOINT WARNING * * *
As you read the scroll of teleportation, it crumbles to dust.
You feel strangely unstable. The brown ugly thing gores you!
* * * LOW HITPOINT WARNING * * *
You are splashed with acid!
You die...

#..#...#...#.#.#.#.
#........)#.#.#...#
#..###...#.#.##.).# ##
##### #..##.).#.#.##..#..
.# #...###
#..#...#.#.##..#... .#
#.....#
#....)#.#.##..#...#
.###.....#
#....#.#.##..#.....
........(#
#..u#.#.##..#.Ws...
.###...#.#
#.@#.#.##..#.......
.#######.# #.#.#.##
#C....$ .....# #.#
##.#### ....... .###.#
#.######.#.#
.###.###.....###.####
).............#.#.#.##
.###.###......#..#.#.##
)....###......#...#.#|##
.####....)....#....#.#.##


You could see a brown ugly thing.

Vanquished Creatures
  Erolcha (D:11)
  A hydra (D:12)
  A centaur warrior (D:12)
  A two-headed ogre (D:9)
  A tengu warrior (D:12)
  Nergalle (D:12)
  A skeletal warrior (D:12)
  A wolf spider (D:12)
  2 ugly things (D:12)
  2 cyclopes
  A manticore (D:11)
  A gargoyle (D:12)
  A kobold demonologist (D:12)
  3 trolls
  2 hornets (D:12)
  8 slime creatures (D:12)
  2 hippogriffs (D:11)
  2 shadows
  A wraith (D:12)
  A human (D:8)
  5 yaks
  3 hungry ghosts
  3 hogs (D:8)
  A basilisk (D:12)
  A wyvern (D:12)
  A steam dragon (D:11)
  Grum (D:9)
  14 two-headed ogre zombies (D:11)
  A vampire mosquito (D:12)
  A porcupine (D:11)
  3 sky beasts
  7 orc warriors
  5 ice beasts
  A black bear (D:11)
  A phantom (D:11)
  An ogre (D:11)
  4 wolves (D:9)
  5 centaurs
  A crocodile (D:10)
  2 big kobolds
  7 bullfrogs
  4 scorpions
  A water moccasin skeleton (D:8)
  16 killer bees
  10 wights
  5 electric eels (D:9)
  8 howler monkeys
  5 crimson imps
  2 bullfrog zombies
  8 hounds
  5 jellies
  10 orc priests
  A centaur skeleton (D:4)
  3 iguanas
  Ijyb (D:3)
  9 orc wizards
  7 worker ants
  An ogre zombie (D:11)
  2 hound zombies
  4 gnolls
  11 adders
  5 shadow imps
  A dart slug (D:1)
  5 leopard geckos
  81 orcs
  4 giant cockroaches
  9 goblins
  3 hobgoblins
  3 jackals (D:1)
  8 quokkas
  6 ball pythons
  7 bats
  6 frilled lizards
  A goblin skeleton (D:5)
  A jackal zombie (D:7)
  15 kobolds
  3 kobold zombies (D:5)
  A leopard gecko skeleton (D:4)
  A leopard gecko zombie (D:7)
  4 orc skeletons (D:5)
  3 orc zombies (D:5)
  A quokka skeleton (D:5)
  3 quokka zombies
  4 rats
390 creatures vanquished.

Vanquished Creatures (collateral kills)
  A hungry ghost (D:8)
1 creature vanquished.

Vanquished Creatures (others)
  A yak (D:12)
  An orc wizard (D:8)
2 creatures vanquished.

Grand Total: 393 creatures vanquished

Notes
Turn   | Place    | Note
-------+----------+-------------------------------------------
     0 | D:1      | Kobolds4U the Demonspawn Berserker began the quest for the
                  | Orb.
     0 | D:1      | Reached XP level 1. HP: 18/18 MP: 1/1
   164 | D:1      | Reached skill level 3 in Long Blades
   444 | D:1      | Gained mutation: Your flesh is cold resistant. (rC+)
                  | [demonic ancestry]
   444 | D:1      | Reached XP level 2. HP: 24/24 MP: 2/2
  1075 | D:2      | Reached skill level 4 in Long Blades
  1075 | D:2      | Reached XP level 3. HP: 24/29 MP: 3/3
  1250 | D:2      | Found a hide-covered altar of Uskayaw.
  1741 | D:3      | Reached ** piety under Trog
  1741 | D:3      | Gained mutation: You are partially covered in icy blue
                  | scales. (AC +2) [demonic ancestry]
  1741 | D:3      | Reached XP level 4. HP: 28/35 MP: 4/4
  1874 | D:3      | Noticed Ijyb
  1959 | D:3      | Killed Ijyb
  2394 | D:3      | Found a snail-covered altar of Cheibriados.
  2492 | D:3      | Reached skill level 5 in Long Blades
  2685 | D:3      | Gained mutation: You have large cloven feet. [demonic
                  | ancestry]
  2685 | D:3      | Reached XP level 5. HP: 5/41 MP: 5/5
  3508 | D:4      | Found a runed translucent door.
  3521 | D:4      | Noticed BorisKarlOrff's ghost (amateur HaAs)
  3761 | D:4      | Reached skill level 6 in Long Blades
  3765 | D:4      | Gained mutation: You are mostly covered in icy blue scales.
                  | (AC +3) [demonic ancestry]
  3765 | D:4      | Reached XP level 6. HP: 34/47 MP: 6/6
  3904 | D:4      | Got an encrusted short sword
  3905 | D:4      | Identified the cursed +0 short sword of Parts Unknown
                  | {speed, +Blink +Rage rF- Dex+6} (You found it on level 4 of
                  | the Dungeon)
  3947 | D:4      | Found a runed translucent door.
  3968 | D:4      | Found a shattered altar of Ashenzari.
  3968 | D:4      | Found a radiant altar of Vehumet.
  4010 | D:5      | Entered Level 5 of the Dungeon
  4204 | D:5      | Found a glowing golden altar of the Shining One.
  4234 | D:5      | Reached *** piety under Trog
  4463 | D:5      | Found an iron altar of Okawaru.
  4583 | D:5      | Reached XP level 7. HP: 41/54 MP: 7/7
  4893 | D:6      | Reached skill level 7 in Long Blades
  5462 | D:6      | Reached skill level 5 in Fighting
  5685 | D:6      | Found a staircase to the Ecumenical Temple.
  5744 | D:6      | Found a deep blue altar of Sif Muna.
  5838 | D:6      | Found Odwin's Jewellery Shop.
  5922 | D:6      | Gained mutation: You are immune to freezing clouds.
                  | [demonic ancestry]
  5922 | D:6      | Reached XP level 8. HP: 47/62 MP: 8/8
  6086 | D:6      | Found a stormy altar of Qazlal.
  6718 | D:7      | Reached **** piety under Trog
  7038 | D:7      | Reached skill level 8 in Long Blades
  7389 | D:7      | Found a sacrificial altar of Ru.
  8055 | D:8      | Reached skill level 5 in Armour
  8055 | D:8      | Gained mutation: You have hoof-like feet. [demonic
                  | ancestry]
  8055 | D:8      | Reached XP level 9. HP: 38/71 MP: 9/9
  8196 | D:8      | Noticed a troll
  8230 | D:8      | Killed a troll
  9134 | D:8      | Reached skill level 9 in Long Blades
 10147 | D:9      | Reached XP level 10. HP: 66/79 MP: 10/10
 10319 | D:9      | Reached skill level 10 in Long Blades
 10352 | D:9      | Noticed Grum
 10356 | D:9      | Noticed a two-headed ogre
 10398 | D:9      | Killed a two-headed ogre
 10406 | D:9      | Killed Grum
 10413 | D:9      | Gained mutation: You evolve. [potion of mutation]
 10413 | D:9      | Gained mutation: You are robust. (+10% HP) [potion of
                  | mutation]
 10425 | D:9      | HP: 3/86 [wolf[Grum] (8)]
 10722 | D:9      | Identified a scroll of acquirement
 11199 | D:10     | Entered Level 10 of the Dungeon
 12126 | D:11     | Noticed a cyclops
 12138 | D:11     | Killed a cyclops
 12138 | D:11     | Received a gift from Trog
 12138 | D:11     | Reached skill level 11 in Long Blades
 12292 | D:11     | Found a staircase to the Lair.
 12593 | D:11     | Reached ***** piety under Trog
 12601 | D:11     | Gained mutation: You regenerate a little health from kills.
                  | [demonic ancestry]
 12601 | D:11     | Reached XP level 11. HP: 89/94 MP: 11/11
 13407 | D:11     | Noticed Erolcha
 13432 | D:11     | Killed Erolcha
 13436 | D:11     | Reached skill level 12 in Long Blades
 13461 | D:11     | Got a shimmering glass ring
 13463 | D:11     | Identified the ring of Midnight {rN+ MR+ Stlth-} (You found
                  | it on level 11 of the Dungeon)
 13815 | D:12     | Noticed an eight-headed hydra
 13817 | D:12     | Noticed a centaur warrior
 13823 | D:12     | Killed a 12-headed hydra
 13830 | D:12     | Paralysed by a hornet for 1 turns
 13833 | D:12     | Paralysed by a hornet for 3 turns
 13847 | D:12     | Paralysed by a hornet for 2 turns
 13870 | D:12     | Killed a centaur warrior
 13870 | D:12     | Reached skill level 5 in Dodging
 14141 | D:12     | Noticed a green ugly thing
 14145 | D:12     | Killed a green ugly thing
 14152 | D:12     | Noticed a white ugly thing
 14157 | D:12     | Killed a white ugly thing
 14162 | D:12     | Noticed a tengu warrior
 14165 | D:12     | Gained mutation: You regenerate health from kills. [demonic
                  | ancestry]
 14165 | D:12     | Reached XP level 12. HP: 89/105 MP: 9/12
 14177 | D:12     | Killed a tengu warrior
 14218 | D:12     | Paralysed by a hornet for 1 turns
 14220 | D:12     | Reached skill level 13 in Long Blades
 14318 | D:12     | Noticed Nergalle
 14321 | D:12     | Noticed a fire giant
 14328 | D:12     | Noticed a deep troll earth mage
 14654 | D:12     | Received a gift from Trog
 14684 | D:12     | Reached skill level 10 in Fighting
 14735 | D:12     | Found a staircase to the Orcish Mines.
 14964 | D:12     | Killed Nergalle
 15183 | D:12     | HP: 2/107 [brown ugly thing (12)]
 15183 | D:12     | Splashed by a brown ugly thing's acid

Skill      XL: |  1  2  3  4  5  6  7  8  9 10 11 12 |
---------------+-------------------------------------+-----
Long Blades    | 3 4 5 6 7 8 9 11 12 13 | 13.6
Fighting       | 4 5 6 7 8 9 10 | 10.3
Armour         | 3 5 7 8 |  8.4
Dodging        | 2 5 6 |  6.6

Action                   |  1- 3 |  4- 6 |  7- 9 | 10-12 || total
-------------------------+-------+-------+-------+-------++-------
Melee: Falchion          |   107 |   208 |       |       ||   315
       Kick              |       |    75 |    10 |       ||    85
       Short sword       |       |   111 |  1098 |   116 ||  1325
       Triple sword      |       |       |       |   595 ||   595
Invok: Trog's Hand       |       |     2 |     5 |     4 ||    11
       Berserk           |       |     1 |     3 |     4 ||     8
       Brothers in Arms  |       |       |     1 |     2 ||     3
Evoke: Wand              |       |       |     2 |       ||     2
  Use: Scroll            |       |       |     8 |    10 ||    18
       Potion            |       |       |       |    10 ||    10
  Eat: Chunk             |     2 |    12 |    24 |    25 ||    63
       Ration            |       |       |     1 |     3 ||     4
Armor: Animal skin       |     2 |       |       |       ||     2
       Ring mail         |    40 |     2 |       |       ||    42
       Chain mail        |       |   159 |   285 |       ||   444
       Plate armour      |       |       |   203 |   751 ||   954
Dodge: Dodged            |    72 |   112 |   306 |   405 ||   895
       Rpst.: Falchion   |    18 |    22 |       |       ||    40
       Triple sword      |       |       |       |   109 ||   109
